 Dungeon Crawl Stone Soup version 0.31.0-11-ge490571c62 (webtiles) character file.

Game seed: 10543513307065364642

991 qw the Skirmisher (level 7, -7/40 HPs)
             Began as a Deep Elf Hunter on Feb 5, 2024.
             Mangled by an ogre
             ... wielding a +0 giant club
              (29 damage)
             ... on level 4 of the Dungeon.
             The game lasted 00:00:24 (3678 turns).

qw the Skirmisher (Deep Elf Hunter)                 Turns: 3678, Time: 00:00:25

Health: -7/40      AC:  7    Str: 10    XL:     7   Next: 98%
Magic:  9/9        EV: 11    Int: 14    God:
Gold:   175        SH:  0    Dex: 18    Spells: 6/6 levels left

rFire   . . .        a - +1 shortbow
rCold   . . .        (shield currently unavailable)
rNeg    . . .        b - +0 ring mail
rPois   .            (no helmet)
rElec   .            (no cloak)
rCorr   .            (no gloves)
SInv    .            g - +1 pair of boots
Will    .....        (no amulet)
Stlth   +            (no ring)
HPRegen 0.26/turn    (no ring)
MPRegen 0.11/turn

%: no passive effects
@: no status effects
A: no striking features
a: no special abilities


You were on level 4 of the Dungeon.
You visited 1 branch of the dungeon, and saw 4 of its levels.

You collected 175 gold pieces.


   Skills:
 + Level 2.8 Fighting
 - Level 12.0 Ranged Weapons
 - Level 1.0 Armour
 - Level 3.3 Dodging
 - Level 1.2 Stealth


You had 6 spell levels left.
You didn't know any spells.
Your spell library was empty.

Inventory:

Hand Weapons
 a - a +1 shortbow (weapon)
Armour
 b - a +0 ring mail (worn)
 g - a +1 pair of boots (worn)
Wands
 h - a wand of quicksilver (1)
Scrolls
 d - a scroll of identify
 j - a scroll of torment {unknown}
Potions
 c - a potion of attraction {unknown}
 e - 2 potions of might {unknown}
 f - a potion of lignification {unknown}
 i - a potion of experience {unknown}

Dungeon Overview and Level Annotations

Branches:
Dungeon (4/15)
 Temple: D:4-7

Altars:
Gozag
Makhleb
The Shining One

Shops:
D:1 =


Message History

The black bear bites you.
The black bear claws you but does no damage.
The black bear claws you.
You shoot an arrow. The arrow barely misses the black bear.
You shoot an arrow. The arrow hits the black bear.
The black bear is heavily wounded.
The black bear barely misses you. The black bear claws you.
The black bear claws you but does no damage.
You shoot an arrow.
The arrow completely misses the black bear.
The black bear bites you but does no damage.
The black bear closely misses you.
The black bear claws you but does no damage.
You shoot an arrow. The arrow hits the black bear!
The black bear is almost dead.
The black bear bites you.
The black bear claws you but does no damage. x2
You shoot an arrow. The arrow hits the black bear.
You kill the black bear!
You start resting.
HP restored.
An ogre comes into view. It is wielding a +0 giant club.
Things that are here:
a black bear corpse; a black bear corpse You shoot an arrow.
The ogre shouts!
The arrow hits the ogre.
The ogre is lightly wounded.
You shoot an arrow. The arrow hits the ogre.
The ogre is moderately wounded.
The ogre hits you with a +0 giant club!!
You shoot an arrow. The arrow hits the ogre.
The ogre is moderately wounded.
The ogre barely misses you.
You shoot an arrow. The arrow hits the ogre!
The ogre is severely wounded.
You shoot an arrow. The arrow barely misses the ogre.
The ogre hits you with a +0 giant club!!
Ouch! That really hurt!
You die...

...##.##.#.## ##.#.#
.# ...##.#.#.##
##.#.## # ...##..#.##
##.#.## ........## ##
##.#.## .?.[...## ##.#
##.#.## ......##
#.#..##.#.## ....#..#
#.#.#.#.## ...>.##.#
#.#O#.## .....# ##
#@#.## .....# ###
##.## .....# #.## ###
#.#..# #..#
#.#..#####.##
#.#..).....##### ###
...............## ##.#
#....####.#.##..###)##
#....###....###.##..#


You could see an ogre.

Vanquished Creatures
  Grinder (D:4)
  Sigmund (D:4)
  2 black bears (D:4)
  2 scorpions (D:4)
  A jelly (D:3)
  An orc priest (D:4)
  A sleepcap (D:4)
  An iguana (D:4)
  Jessica (D:3)
  2 orc wizards (D:3)
  5 adders
  A ribbon worm (D:2)
  3 dart slugs
  13 orcs
  6 endoplasms
  3 giant cockroaches
  4 goblins
  5 hobgoblins
  8 jackals
  4 kobolds
  4 quokkas
  5 ball pythons
  4 bats
  3 frilled lizards
  3 rats
84 creatures vanquished.

Notes
Turn   | Place    | Note
-------+----------+-------------------------------------------
     0 | D:1      | qw the Deep Elf Hunter began the quest for the Orb.
     0 | D:1      | Reached XP level 1. HP: 12/12 MP: 3/3
     0 | D:1      | 0 ||| qw: Version: 0.3-a-160-g6735b56
     0 | D:1      | 0 ||| qw: Game counter: 6285
     0 | D:1      | 0 ||| qw: Melee chars always use a shield: true
     0 | D:1      | 0 ||| qw: God list: Okawaru
     0 | D:1      | 0 ||| qw: Allow faded altars: false
     0 | D:1      | 0 ||| qw: Do Orc after clearing Dungeon:15 true
     0 | D:1      | 0 ||| qw: Do second Lair branch before Depths: true
     0 | D:1      | 0 ||| qw: Lair rune preference: random
     0 | D:1      | 0 ||| qw: Goals: Normal
     0 | D:1      | 0 ||| PLANNING D:1-11
   153 | D:1      | Reached skill level 6 in Ranged Weapons
   153 | D:1      | Reached XP level 2. HP: 16/16 MP: 4/4
   186 | D:1      | Found Oluhough's One-of-a-Kind Rings.
   197 | D:1      | 197 ||| SHOPLISTING +1 ring of evasion (24 gold, have 7).
   197 | D:1      | 197 ||| SHOPLISTING +2 ring of dexterity (36 gold, have 7).
   197 | D:1      | 197 ||| SHOPLISTING +7 ring of strength (540 gold, have 7).
   197 | D:1      | 197 ||| SHOPLISTING ring of Xikhluli {rPois rC+ Int+4} (535
                  | gold, have 7).
   714 | D:1      | 714 ||| UPGRADING to +0 pair of boots.
   719 | D:1      | 719 ||| READING scroll labelled AMAEM SYINEOXOOD.
   719 | D:1      | 719 ||| IDENTIFYING amethyst potion
   720 | D:1      | 720 ||| READING scroll labelled JYVIAL SALOTT.
   721 | D:1      | 721 ||| READING scroll labelled WIWANI SUWA.
   722 | D:1      | 722 ||| DROPPING scroll of butterflies.
   788 | D:2      | Found a faded altar of an unknown god.
   909 | D:2      | Reached XP level 3. HP: 20/20 MP: 5/5
  1245 | D:2      | Reached skill level 7 in Ranged Weapons
  1408 | D:2      | 1408 ||| READING scroll of identify.
  1408 | D:2      | 1408 ||| IDENTIFYING smoky brown potion
  1409 | D:2      | 1409 ||| READING scroll labelled IHYTIHYFYTU.
  1409 | D:2      | 1409 ||| ENCHANTING +0 shortbow.
  1410 | D:2      | 1410 ||| READING scroll labelled DEJUIGRUSO.
  1410 | D:2      | 1410 ||| ENCHANTING +0 pair of boots.
  1411 | D:2      | 1411 ||| READING scroll labelled ECZAKLUIPN.
  1537 | D:3      | Identified the +6 chain mail "Xoyqybe" {rF+ Will+ Dex-4}
  1583 | D:3      | Noticed Jessica
  1587 | D:3      | Killed Jessica
  1588 | D:3      | Reached XP level 4. HP: 8/25 MP: 6/6
  1593 | D:3      | 1593 ||| FLEEEEING.
  1594 | D:3      | 1594 ||| FLEEEEING.
  1595 | D:3      | 1595 ||| FLEEEEING.
  1596 | D:3      | 1596 ||| FLEEEEING.
  1597 | D:3      | 1597 ||| FLEEEEING.
  1599 | D:3      | 1599 ||| FLEEEEING.
  1600 | D:3      | 1600 ||| FLEEEEING.
  1601 | D:3      | 1601 ||| FLEEEEING.
  1602 | D:3      | 1602 ||| FLEEEEING.
  1603 | D:3      | 1603 ||| FLEEEEING.
  1604 | D:3      | 1604 ||| FLEEEEING.
  1605 | D:3      | 1605 ||| FLEEEEING.
  1606 | D:3      | 1606 ||| FLEEEEING.
  1607 | D:3      | 1607 ||| FLEEEEING.
  1608 | D:3      | 1608 ||| FLEEEEING.
  1609 | D:3      | 1609 ||| FLEEEEING.
  1610 | D:3      | 1610 ||| FLEEEEING.
  1611 | D:3      | 1611 ||| FLEEEEING.
  1612 | D:3      | 1612 ||| FLEEEEING.
  1613 | D:3      | 1613 ||| STAIRDANCE
  1659 | D:2      | 1659 ||| READING scroll labelled KOYPRUQ ERGHASK.
  1663 | D:2      | 1663 ||| READING 2 scrolls labelled UTOIDE MOLA.
  1664 | D:2      | 1664 ||| READING scroll labelled BAASUDOQESO.
  1765 | D:2      | 1765 ||| DROPPING scroll of revelation.
  1867 | D:3      | Found a glowing golden altar of the Shining One.
  1975 | D:3      | 1975 ||| DRINKING potion of curing.
  1975 | D:3      | 1975 ||| (to cure confusion)
  1978 | D:3      | 1978 ||| FLEEEEING.
  1979 | D:3      | 1979 ||| FLEEEEING.
  1980 | D:3      | 1980 ||| FLEEEEING.
  1982 | D:3      | 1982 ||| FLEEEEING.
  1983 | D:3      | 1983 ||| FLEEEEING.
  1984 | D:3      | 1984 ||| FLEEEEING.
  1986 | D:3      | 1986 ||| FLEEEEING.
  1987 | D:3      | 1987 ||| FLEEEEING.
  1988 | D:3      | 1988 ||| FLEEEEING.
  1989 | D:3      | 1989 ||| FLEEEEING.
  1990 | D:3      | 1990 ||| FLEEEEING.
  1992 | D:3      | 1992 ||| FLEEEEING.
  1993 | D:3      | 1993 ||| FLEEEEING.
  1995 | D:3      | Reached skill level 8 in Ranged Weapons
  2002 | D:3      | HP: 6/25 [orc/+0 dagger (3)]
  2003 | D:3      | 2003 ||| DRINKING 3 potions of heal wounds.
  2255 | D:3      | Reached XP level 5. HP: 29/29 MP: 7/7
  2388 | D:3      | 2388 ||| UPGRADING to +0 ring mail.
  2398 | D:3      | 2398 ||| DROPPING +0 leather armour.
  2399 | D:3      | 2399 ||| DROPPING +0 robe of willpower.
  2400 | D:3      | 2400 ||| READING scroll labelled WOT JAESCHUALOGA.
  2490 | D:4      | 2490 ||| STAIRDANCE
  2505 | D:4      | HP: 6/29 [sleepcap (2)]
  2507 | D:4      | 2507 ||| DRINKING 2 potions of heal wounds.
  2514 | D:4      | Reached skill level 9 in Ranged Weapons
  2525 | D:4      | 2525 ||| STAIRDANCE
  2565 | D:4      | 2565 ||| STAIRDANCE
  2583 | D:4      | 2583 ||| STAIRDANCE
  2589 | D:4      | 2589 ||| STAIRDANCE
  2613 | D:4      | 2613 ||| STAIRDANCE
  2679 | D:4      | 2679 ||| STAIRDANCE
  2722 | D:4      | Reached XP level 6. HP: 30/35 MP: 8/8
  2936 | D:4      | Noticed Sigmund
  2937 | D:4      | 2937 ||| ZAPPING wand of quicksilver (10) at -7,2 (Sigmund;
                  | floor).
  2938 | D:4      | 2938 ||| ZAPPING wand of quicksilver (9) at -6,2 (Sigmund;
                  | floor).
  2938 | D:4      | Killed Sigmund
  2939 | D:4      | Reached skill level 10 in Ranged Weapons
  2940 | D:4      | 2940 ||| FLEEEEING.
  2956 | D:4      | HP: 6/35 [orc priest/divine providence (13)]
  2957 | D:4      | Reached skill level 3 in Dodging
  2957 | D:4      | Reached XP level 7. HP: 7/40 MP: 9/9
  2957 | D:4      | 2957 ||| DRINKING potion of heal wounds.
  2974 | D:4      | 2974 ||| FLEEEEING.
  2976 | D:4      | 2976 ||| FLEEEEING.
  2977 | D:4      | 2977 ||| FLEEEEING.
  2979 | D:4      | 2979 ||| FLEEEEING.
  2983 | D:4      | 2983 ||| FLEEEEING.
  2984 | D:4      | 2984 ||| FLEEEEING.
  3069 | D:4      | Found an opulent altar of Gozag.
  3138 | D:4      | Reached skill level 1 in Armour
  3253 | D:4      | Noticed Grinder
  3254 | D:4      | 3254 ||| ZAPPING wand of quicksilver (8) at -5,-6 (Grinder;
                  | floor).
  3255 | D:4      | 3255 ||| ZAPPING wand of quicksilver (7) at -4,-5 (Grinder;
                  | floor).
  3256 | D:4      | 3256 ||| ZAPPING wand of quicksilver (6) at -3,-4 (Grinder;
                  | floor).
  3257 | D:4      | 3257 ||| ZAPPING wand of quicksilver (5) at -3,-4 (Grinder;
                  | floor).
  3258 | D:4      | 3258 ||| ZAPPING wand of quicksilver (4) at -2,-3 (Grinder;
                  | floor).
  3258 | D:4      | Killed Grinder
  3259 | D:4      | Reached skill level 11 in Ranged Weapons
  3283 | D:4      | Found a burning altar of Makhleb.
  3513 | D:4      | 3513 ||| ZAPPING wand of quicksilver (3) at -1,-1 (black
                  | bear; floor).
  3513 | D:4      | HP: 10/40 [black bear (6)]
  3514 | D:4      | 3514 ||| ZAPPING wand of quicksilver (2) at -1,-1 (black
                  | bear; floor).
  3515 | D:4      | Reached skill level 12 in Ranged Weapons
  3678 | D:4      | Mangled by an ogre

Levels and vault maps discovered:
D:1:      dpeg_arrival_short_road, layout_basic, nicolae_shop_unique_rings,
          serial_bayou_ford_a
D:2:      layout_loops_cross, shapermc_ecumenical_altar_flowoftime, hex_large
D:3:      layout_loops_ring, tso_metal_star, uniq_jessica
D:4:      minmay_inner_zag, layout_loops_ring,
          mainiacjoe_overflow_catch_the_wave, uniq_sigmund, uniq_grinder

Skill      XL: |  1  2  3  4  5  6  7 |
---------------+----------------------+-----
Ranged Weapons | 6 7 8 9 10 12 | 12.0
Fighting       | 2 |  2.8
Dodging        | 3 |  3.3
Armour         | 1 |  1.0
Stealth        | |  1.2

Action                     |  1- 3 |  4- 6 |  7- 9 || total
---------------------------+-------+-------+-------++-------
   Fire: Shortbow          |    79 |   153 |    71 ||   303
  Evoke: Wand              |       |     2 |     7 ||     9
    Use: Scroll            |     7 |     4 |       ||    11
         Potion            |       |     3 |     1 ||     4
 Armour: Leather armour    |    10 |    30 |       ||    40
         Ring mail         |       |    56 |    41 ||    97
  Dodge: Dodged            |    16 |    82 |    22 ||   120

Table legend:
 A = Non-vault XP
 B = Vault XP
 C = Vault XP percentage of total XP
 D = Non-vault monster count
 E = Vault monster count
 F = Vault count percentage of total count
                 A         B        C        D         E       F
            +---------+---------+-------+---------+---------+-------
      Total |     691 |     726 |  51.2 |      78 |       6 |   7.1
            +---------+---------+-------+---------+---------+-------
        D:1 |      20 |       0 |   0.0 |      11 |       0 |   0.0
        D:2 |      44 |       0 |   0.0 |      17 |       0 |   0.0
        D:3 |     205 |      37 |  15.3 |      29 |       1 |   3.3
        D:4 |     422 |     689 |  62.0 |      21 |       5 |  19.2
            +---------+---------+-------+---------+---------+-------
